 Dungeon Crawl Stone Soup version 0.29.1-2-gbd0b4ee654 (webtiles) character file.

Game seed: 7463322109682564292

5501 dohliylev the Grappler (level 10, -3/94 HPs)
             Began as a Troll Berserker on Nov 6, 2022.
             Was an Elder of Trog.
             Slain by a troll (8 damage)
             ... on level 10 of the Dungeon.
             The game lasted 00:17:15 (6295 turns).

dohliylev the Grappler (Troll Berserker)            Turns: 6295, Time: 00:17:15

Health: -3/94      AC:  5    Str: 31    XL:     10   Next: 42%
Magic:  9/9        EV: 11    Int:  3    God:    Trog [****..]
Gold:   547        SH:  0    Dex:  9    Spells: 9/9 levels left

rFire   . . .      SeeInvis .     - Unarmed
rCold   . . .      Faith    .   (no shield)
rNeg    . . .      Spirit   .   a - +0 animal skin
rPois   .          Reflect  .   l - +0 hat
rElec   .          Harm     .   d - +0 cloak
rCorr   .          Rampage  .   (gloves unavailable)
Will    +++..                   (boots unavailable)
Stlth   +.........              (no amulet)
HPRegen 2.05/turn               i - ring of willpower
MPRegen 0.11/turn               (no ring)

@: strong-willed, regenerating
A: large, unfitting armour, claws 3, regeneration 1, shaggy fur 1, tough skin 1
a: Renounce Religion, Berserk, Trog's Hand, Brothers in Arms


You were on level 10 of the Dungeon.
You worshipped Trog.
Trog was greatly pleased with you.
You visited 2 branches of the dungeon, and saw 12 of its levels.

You collected 547 gold pieces.

Inventory:

Missiles
 B - 6 large rocks (quivered)
Armour
 a - a +0 animal skin (worn)
 d - a +0 cloak (worn)
 l - a +0 hat (worn)
 D - +0 steam dragon scales
Jewellery
 i - a ring of willpower (left claw)
Wands
 n - a wand of iceblast (17)
Scrolls
 b - 2 scrolls of fear {unknown}
 c - a scroll of blinking {unknown}
 e - 5 scrolls of identify {unknown}
 f - 4 scrolls of enchant weapon {unknown}
 o - a scroll of immolation {unknown}
 r - 3 scrolls of silence {unknown}
 t - a scroll of butterflies {unknown}
 u - 2 scrolls of summoning {unknown}
 y - a scroll of poison {unknown}
 A - a scroll of magic mapping {unknown}
 C - a scroll of enchant armour {unknown}
 E - a scroll of teleportation {unknown}
Potions
 g - 9 potions of curing {unknown}
 h - 3 potions of brilliance {unknown}
 j - 2 potions of berserk rage {unknown}
 k - 3 potions of haste
 m - 2 potions of mutation {unknown}
 p - 2 potions of flight {unknown}
 q - 4 potions of might {unknown}
 s - a potion of lignification {unknown}
 v - 2 potions of resistance {unknown}
 w - 2 potions of degeneration {unknown}
 x - 2 potions of attraction {unknown}
 z - 3 potions of heal wounds {unknown}
 F - a potion of invisibility {unknown}


   Skills:
 + Level 4.8 Fighting
 + Level 6.6 Dodging
 + Level 13.1 Unarmed Combat


You had 9 spell levels left.
You didn't know any spells.
Your spell library was empty.

Dungeon Overview and Level Annotations

Branches:
Dungeon (11/15)            Temple (1/1) D:6            Lair (0/5) D:8
    Orc: D:9-12

Altars:
Ashenzari
Cheibriados
Dithmenos
Elyvilon
Fedhas
Gozag
Hepliaklqana
Kikubaaqudgha
Makhleb
Nemelex Xobeh
Okawaru
Qazlal
Ru
Sif Muna
Trog
Uskayaw
Vehumet
Wu Jian
Xom
Yredelemnul
Zin
The Shining One

Shops:
D:1 [   D:4 (*   D:6 (

Annotations:
D:9 1 transporter, metricduck's ghost, novice MiBe


Innate Abilities, Weirdness & Mutations

You are too large for most types of armour.
You have claws for hands.
Your natural rate of healing is unusually fast.
You are covered in fur. (AC +1)
You have tough skin. (AC +1)


Message History

You kill the hound!
Trog accepts your kill. The centaur hits you.
The centaur kicks you but does no damage.
You mangle the centaur!!
You kill the centaur!
Trog accepts your kill.
A troll comes into view.
The troll shouts!
Things that are here:
a +0 shortbow; a centaur corpse A troll is nearby!
The troll bites you! The troll misses you. The troll closely misses you.
You mangle the troll!!
The troll is heavily wounded.
The troll barely misses you. The troll claws you!
The troll claws you but does no damage.
You closely miss the troll.
The troll is heavily wounded.
The troll bites you! The troll claws you. The troll barely misses you.
You closely miss the troll.
The troll is heavily wounded.
You recover from your berserk rage.
You claw the troll!
The troll is severely wounded.
The troll bites you!
* * * LOW HITPOINT WARNING * * *
The troll claws you but does no damage. x2
You completely miss the troll.
The troll is severely wounded.
The troll closely misses you. The troll claws you.
* * * LOW HITPOINT WARNING * * *
The troll claws you!
* * * LOW HITPOINT WARNING * * *
Your skin crawls.
You feel strong-willed. The troll bites you.
* * * LOW HITPOINT WARNING * * *
The troll claws you!
You die...

..............
......................
..................>..
...................#
...................#
#........#.........#
...........###.....# .
..........†.##.....####.
......T@..)........#....
..............#.........
.............##.........
.........##.†>##........
.##......##))...........
##....##....#...#...
##......#####.#####
#........# #.#
#g....#....##..


You could see a troll.

Vanquished Creatures
  A two-headed ogre (D:10)
  A gargoyle (D:7)
  A hornet (D:7)
  3 yaks (D:8)
  A steam dragon (D:8)
  Duvessa (D:7)
  3 water moccasins
  An ice beast (D:7)
  An orc warrior (D:6)
  2 sky beasts
  5 ogres
  2 centaurs
  A phantom (D:7)
  4 necrophages
  3 bullfrogs
  6 scorpions
  4 wights (D:8)
  9 killer bees
  Dowan (D:7)
  3 hounds
  6 orc priests
  3 jellies
  3 iguanas
  A gnoll bouda (D:8)
  5 orc wizards
  A mummy (D:8)
  7 gnolls
  14 adders
  2 shadow imps
  2 white imps (D:7)
  An ufetubus (D:7)
  5 worms (D:2)
  3 dart slugs
  32 orcs
  7 bats
  10 endoplasms
  6 giant cockroaches
  6 goblins
  8 hobgoblins
  6 jackals
  3 kobolds
  A quokka (D:1)
  9 ball pythons
  5 frilled lizards
  3 rats (D:1)
202 creatures vanquished.

Notes
Turn   | Place    | Note
-------+----------+-------------------------------------------
     0 | D:1      | dohliylev the Troll Berserker began the quest for the Orb.
     0 | D:1      | Reached XP level 1. HP: 22/22 MP: 0/0
    96 | D:1      | Reached XP level 2. HP: 29/29 MP: 1/1
   266 | D:1      | Found a faded altar of an unknown god.
   375 | D:1      | Found Jorghic's Antique Armour Shoppe.
   500 | D:1      | Reached XP level 3. HP: 34/36 MP: 2/2
   749 | D:1      | Reached ** piety under Trog
  1199 | D:2      | Reached XP level 4. HP: 43/44 MP: 3/3
  1216 | D:2      | Reached skill level 4 in Unarmed Combat
  1776 | D:3      | Reached *** piety under Trog
  1801 | D:3      | Reached XP level 5. HP: 49/53 MP: 4/4
  1982 | D:4      | Reached skill level 5 in Unarmed Combat
  1996 | D:4      | Found Heur's Elemental Accessories.
  2011 | D:4      | Noticed an ogre
  2039 | D:4      | Killed an ogre
  2040 | D:4      | Reached skill level 6 in Unarmed Combat
  2040 | D:4      | Reached XP level 6. HP: 44/61 MP: 5/5
  2284 | D:4      | Reached XP level 7. HP: 57/67 MP: 6/6
  2424 | D:4      | Found Uluidaf's Antique Weapon Emporium.
  2552 | D:5      | Entered Level 5 of the Dungeon
  2583 | D:5      | Reached skill level 7 in Unarmed Combat
  2940 | D:5      | Reached skill level 8 in Unarmed Combat
  3083 | D:5      | Reached **** piety under Trog
  3365 | D:6      | Found a staircase to the Ecumenical Temple.
  3492 | D:6      | Reached XP level 8. HP: 62/75 MP: 7/7
  3713 | D:6      | Reached skill level 9 in Unarmed Combat
  3745 | D:6      | Found Kalion Marha's Weapon Shoppe.
  3900 | D:6      | Found a broken altar of Ashenzari.
  3908 | D:6      | Found a sacrificial altar of Ru.
  4203 | D:7      | Noticed a hornet
  4220 | Temple   | Entered the Ecumenical Temple
  4320 | D:7      | Noticed Duvessa
  4320 | D:7      | Noticed Dowan
  4328 | D:7      | Killed Dowan
  4333 | D:7      | Reached skill level 10 in Unarmed Combat
  4338 | D:7      | Killed Duvessa
  4400 | D:7      | Reached skill level 5 in Dodging
  4491 | D:7      | Found a glowing golden altar of the Shining One.
  4541 | D:7      | Reached XP level 9. HP: 83/84 MP: 8/8
  4646 | D:7      | Noticed a gargoyle
  4685 | D:7      | HP: 3/84 [gargoyle/stone arrow (17)]
  4809 | D:7      | Killed a gargoyle
  4810 | D:7      | Reached skill level 11 in Unarmed Combat
  5544 | D:8      | Reached skill level 12 in Unarmed Combat
  5607 | D:8      | Found a white marble altar of Elyvilon.
  5734 | D:8      | Found a staircase to the Lair.
  5891 | D:8      | Reached XP level 10. HP: 77/94 MP: 9/9
  5928 | D:8      | Found a burning altar of Makhleb.
  6156 | D:9      | Noticed metricduck's ghost (novice MiBe)
  6156 | D:9      | Noticed a moth of wrath
  6157 | D:9      | Found a transporter.
  6229 | D:9      | You fall into a shaft and drop 1 floor!
  6229 | D:10     | Entered Level 10 of the Dungeon
  6236 | D:10     | Noticed a two-headed ogre
  6246 | D:10     | Killed a two-headed ogre
  6247 | D:10     | Reached skill level 13 in Unarmed Combat
  6295 | D:10     | Slain by a troll

Illustrated notes

Levels and vault maps discovered:
D:1:      dpeg_arrival_pits, layout_loops_corners,
          ebering_ecumenical_altar_webs, serial_shops,
          nicolae_shop_window_shopping, minmay_hexomino_f4
D:2:      layout_loops_ring, minmay_tripent
D:3:      layout_rooms
D:4:      layout_rooms, serial_shops, kennysheep_little_box,
          nicolae_elemental_shop
D:5:      layout_gridville
D:6:      layout_loops_ring, nicolae_overflow_hidden_temple,
          minmay_temple_entry_mist, serial_shops,
          nicolae_shop_competitors_out_of_business
D:7:      hangedman_cross_stitches, layout_loops_cross,
          nicolae_tso_swordbearing_angel, uniq_duvessa
D:8:      layout_basic, elyvilon_altar_3, lair_entry_dummy,
          gup_ossuary_entry_pyramid, david_defended_altar_orc
D:9:      okawaru_arena_lexackson, layout_irregular_city,
          gammafunk_ghost_berserking_beasts, minmay_starry_boxes
D:10:     layout_cave_pools, serial_gnoll_camp, gnoll_camp_medium_02,
          gnoll_camp_huts_basic, gnoll_camp_mini_basic,
          gnoll_camp_mini_sergeant, gnoll_camp_mini_loothouse
D:11:     cheibrodos_fzero, layout_stronghold, uniq_nergalle
Temple:   dpeg_three_leaves_temple

Skill      XL: |  1  2  3  4  5  6  7  8  9 10 |
---------------+-------------------------------+-----
Dodging        | 3 4 5 6 |  6.6
Unarmed Combat | 4 6 8 10 12 13 | 13.1
Fighting       | 3 4 |  4.8

Action                   |  1- 3 |  4- 6 |  7- 9 | 10-12 || total
-------------------------+-------+-------+-------+-------++-------
Melee: Unarmed           |    83 |   107 |   259 |    49 ||   498
       Punch             |     2 |     2 |     8 |     1 ||    13
Invok: Berserk           |       |     1 |     6 |     3 ||    10
       Trog's Hand       |       |       |     1 |     4 ||     5
 Stab: Sleeping          |       |       |     1 |       ||     1
Armor: Animal skin       |    35 |    41 |    61 |    12 ||   149
Dodge: Dodged            |    45 |    51 |   130 |    34 ||   260
